 Dungeon Crawl Stone Soup version 0.21-a0-19-g210df22 (webtiles) character file.

76 Chiseanne the Ducker (level 4, -1/38 HPs)
             Began as a Minotaur Gladiator on May 24, 2017.
             Was an Initiate of Gozag.
             Killed from afar by Natasha (6 damage)
             ... with a magic dart
             ... on level 2 of the Dungeon.
             The game lasted 00:02:01 (1071 turns).

Chiseanne the Ducker (Minotaur Gladiator)           Turns: 1071, Time: 00:02:01

Health: -1/38      AC:  6    Str: 18    XL:     4   Next: 12%
Magic:  3/3        EV: 11    Int:  5    God:    Gozag
Gold:   65         SH:  0    Dex: 13    Spells: 3/3 levels left

rFire    . . .     SeeInvis .   a - +0 war axe
rCold    . . .     Gourm    .   (no shield)
rNeg     . . .     Faith    .   t - +0 scale mail
rPois    .         Spirit   .   c - +0 hat
rElec    .         Reflect  .   (no cloak)
rCorr    .         Harm     .   (no gloves)
MR       .....                  (no boots)
Stlth    ..........             (no amulet)
Regen    0.2/turn               (no ring)
MPRegen  0.1/turn               (no ring)

@: slowed, very slow
A: retaliatory headbutt, horns 2
a: Potion Petition, Call Merchant, Bribe Branch, Renounce Religion


You were on level 2 of the Dungeon.
You worshipped Gozag.
Gozag was noncommittal.
You were not hungry.

You visited 1 branch of the dungeon, and saw 2 of its levels.

You collected 85 gold pieces.
You paid 20 gold pieces to Gozag.

Inventory:

Hand Weapons
 a - a +0 war axe (weapon)
Missiles
 b - 19 arrows
 d - 3 throwing nets (quivered)
Armour
 c - a +0 hat (worn)
 t - a +0 scale mail (worn)
Jewellery
 l - a cursed amulet of inaccuracy {unknown}
 m - a cursed ring of fire {unknown}
 v - an uncursed ring of resist corrosion {unknown}
Wands
 j - a wand of paralysis (15/24)
Scrolls
 e - 5 scrolls of remove curse
 h - a scroll of recharging
 n - a scroll of immolation
 u - a scroll of teleportation {unknown}
Potions
 g - a potion of brilliance {unknown}
 i - a potion of cancellation {unknown}
 k - a potion of ambrosia {unknown}
 o - a potion of flight {unknown}
 p - a potion of curing {unknown}
 r - a potion of agility {unknown}
Comestibles
 f - a bread ration
 q - 2 fruits
 s - 2 royal jellies
 w - 4 chunks of flesh
 x - a meat ration


   Skills:
 * Level 3.4 Fighting
 - Level 3.6 Axes
 * Level 2.8 Throwing
 * Level 2.1 Armour
 * Level 3.8 Dodging


You had 3 spell levels left.
You didn't know any spells.

Dungeon Overview and Level Annotations

Branches:
Dungeon (2/15)

Altars:
Gozag

Annotations:
D:2 Natasha


Innate Abilities, Weirdness & Mutations

You reflexively headbutt those who attack you in melee.
You have a pair of horns on your head.


Message History

You are too injured to fight recklessly!
You are too injured to fight recklessly!
You are too injured to fight recklessly!
You are too injured to fight recklessly!
You are too injured to fight recklessly!
You are too injured to fight recklessly!
You are too injured to fight recklessly!
You barely miss Natasha. Natasha casts a spell at you. The magic dart hits you!
* * * LOW HITPOINT WARNING * * *
Natasha misses you.
You hit Natasha but do no damage. You headbutt Natasha.
Natasha is lightly wounded.
Natasha claws you.
* * * LOW HITPOINT WARNING * * *
Natasha casts a spell at you. The magic dart hits you!
You die...
Your body crumbles into a pile of gold.

............# #.......#.
............# #.....#.#.
...(........# .#.........
.....#.#....##.#..##.#.#.
.....................#...
...............##.##.#.#.
.....#..................†
............#..........##
........@............#.##
.........h....###.#......
#.......................)
#.........##.#####..#.##
<..............# #.....#
.##..##......#.# #......
..#. #......#.# #..#..#
..#.##......#.###..#...
#...>................


You could see Natasha.

Vanquished Creatures
  Natasha (D:2)
  2 adders (D:2)
  3 dart slugs
  6 bats
  2 giant cockroaches (D:1)
  3 goblins
  3 hobgoblins
  2 jackals (D:1)
  3 kobolds (D:1)
  4 rats
29 creatures vanquished.

Notes
Turn   | Place    | Note
-------+----------+-------------------------------------------
     0 | D:1      | Chiseanne the Minotaur Gladiator began the quest for the Orb.
     0 | D:1      | Reached XP level 1. HP: 18/18 MP: 0/0
    16 | D:1      | Reached XP level 2. HP: 16/25 MP: 1/1
   218 | D:1      | Reached skill level 1 in Armour
   707 | D:2      | Reached XP level 3. HP: 27/31 MP: 2/2
   912 | D:2      | Found an opulent altar of Gozag.
  1016 | D:2      | Became a worshipper of Gozag Ym Sagoz the Greedy
  1046 | D:2      | Noticed Natasha
  1055 | D:2      | Killed Natasha
  1055 | D:2      | Reached XP level 4. HP: 25/38 MP: 3/3
  1066 | D:2      | Noticed Natasha
  1071 | D:2      | Killed from afar by Natasha

Vault maps used:
D:1:      dpeg_arrival_tiny_d
D:2:      nicolae_overflow_crystal_walls, uniq_natasha

Skill      XL: |  1  2  3 |
---------------+----------+-----
Armour         | 1 2 |  2.1
Fighting       | 3 |  3.4
Axes           | |  3.6
Throwing       | |  2.8
Dodging        | |  3.8

Action                   |  1- 3 |  4- 6 || total
-------------------------+-------+-------++-------
Melee: War axe           |    58 |     2 ||    60
       Headbutt          |     6 |     1 ||     7
  Use: Scroll            |     3 |       ||     3
  Eat: Chunk             |       |     1 ||     1
Armor: Leather armour    |     1 |       ||     1
       Scale mail        |    11 |       ||    11
       Ring mail         |     4 |       ||     4
Dodge: Dodged            |    48 |     1 ||    49
